 Dungeon Crawl Stone Soup version 0.26-a0-831-g7192265339 (webtiles) character file.

Game seed: 1274399478775395535

1209 ardl the Grappler (level 8, -6/46 HPs)
             Began as a Vine Stalker Fighter on Nov 15, 2020.
             Was a Believer of Ru.
             Mangled by an orc knight
             ... wielding a +0 halberd
              (20 damage)
             ... in a bailey.
             The game lasted 00:17:47 (6309 turns).

ardl the Grappler (Vine Stalker Fighter)            Turns: 6309, Time: 00:17:47

Health: -6/46      AC: 10    Str: 20    XL:     8   Next: 45%
Magic:  0/9        EV:  9    Int:  8    God:    Ru [**....]
Gold:   373        SH:  9    Dex: 15    Spells: 7/7 levels left

rFire    . . .     SeeInvis .     - Unarmed
rCold    . . .     Faith    .   b - +0 kite shield
rNeg     . . .     Spirit   +   e - +0 chain mail
rPois    .         Reflect  .   p - +1 hat
rElec    .         Harm     .   a - +0 cloak
rCorr    .         Rampage  .   (no gloves)
MR       +....                  (no boots)
Stlth    ..........             (no amulet)
HPRegen  0.55/turn              r - +4 ring of evasion
MPRegen  0.11/turn              x - ring of flight

@: about to teleport
A: fangs 3, regeneration 1, magic shield, antimagic bite, no potion heal 3, rot
immunity, inexperienced 1
a: Renounce Religion, Evoke Flight


You were in a bailey.
You worshipped Ru.
Ru was pleased with you.
You visited 2 branches of the dungeon, and saw 9 of its levels.
You also visited: Bailey.

You collected 373 gold pieces.

Inventory:

Missiles
 f - 13 poisoned darts (quivered)
Armour
 a - a +0 cloak (worn)
 b - a +0 kite shield (worn)
 e - a +0 chain mail (worn)
 p - a +1 hat (worn)
Jewellery
 k - an uncursed ring of fire
 r - a +4 ring of evasion (left hand)
 x - a ring of flight (right hand)
Scrolls
 c - a scroll of immolation
 g - a scroll of fear
 i - 2 scrolls of identify
 l - 2 scrolls of enchant weapon
 s - a scroll of enchant armour
 t - 2 scrolls of teleportation
 w - 3 scrolls of remove curse
Potions
 d - 2 potions of might
 h - 3 potions of haste
 j - 4 potions of lignification
 m - a potion of invisibility
 q - 3 potions of curing
 u - a potion of brilliance
 v - 2 potions of magic
 z - a potion of mutation


   Skills:
 + Level 7.0 Fighting
 - Level 2.4 Armour
 - Level 2.6 Shields
 * Level 10.2 Unarmed Combat


You had 7 spell levels left.
You didn't know any spells.
Your spell library contained the following spells:

 Spells                   Type           Power        Failure   Level
 Animate Skeleton         Necr           #.....       100%        1
 Pain                     Necr           #...         100%        1
 Vampiric Draining        Necr           #.........   100%        3
 Animate Dead             Necr           #.........   100%        4
 Agony                    Necr           #.......     100%        5


Dungeon Overview and Level Annotations

Branches:
Dungeon (8/15)             Temple (1/1) D:6          Bailey (1/1)
   Lair: D:8-11

Altars:
Ashenzari
Cheibriados
Dithmenos
Elyvilon
Fedhas
Gozag
Hepliaklqana
Makhleb
Nemelex Xobeh
Qazlal
Ru
Sif Muna
Trog
Uskayaw
Wu Jian
Xom
Yredelemnul
Zin
The Shining One

Annotations:
D:7 1 runed translucent door, Crazy Yiuf


Innate Abilities, Weirdness & Mutations

You have razor-sharp teeth.
Your natural rate of healing is unusually fast.
When hurt, damage is shared between your health and your magic reserves.
Your bite disrupts and absorbs the magic of your enemies.
Potions cannot restore your health.
You are immune to rotting.
You are somewhat inexperienced. (-2 XL)


Message History

The poisoned dart barely misses the orc knight.
The orc knight hits you from afar with a +0 halberd!!
You take 17 damage, and have 29/46 hp.
MASSIVE DAMAGE!!
You now have 5/9 mp.
Things that are here:
a +0 arbalest; 17 bolts; a cursed +0 ring mail Throwing (i - inventory)
f - 14 poisoned darts (quivered)
Aim: an orc knight, wielding a +0 halberd and wearing a +0 plate armour You throw a poisoned dart.
The poisoned dart hits the orc knight.
The orc knight is poisoned.
The orc knight hits you from afar with a +0 halberd!!
* * * LOW HITPOINT WARNING * * *
You take 21 damage, and have 10/46 hp.
MASSIVE DAMAGE!!
You now have 2/9 mp.
As you read the scroll of teleportation, it crumbles to dust.
You feel strangely unstable.
The orc knight hits you from afar with a +0 halberd!!
You die...

#....................
#....................
#....................
#....................
#....................
#......≈≈≈≈≈≈≈≈≈≈≈≈≈≈
#......≈≈#.#≈≈≈≈≈≈≈≈≈
#......≈##.##≈≈≈≈≈≈≈≈
#...@..≈..^..≈≈≈≈≈≈≈≈
#......≈##.∩#≈≈≈≈≈≈≈≈
#...o..≈≈#.#≈≈≈≈≈≈###
#......≈≈≈≈≈≈≈≈≈≈≈##≈
#......≈≈≈≈≈≈≈≈≈≈≈##≈
#......≈≈≈≈≈≈≈≈≈≈≈##'
#...)))≈≈≈≈≈≈≈##≈≈##∩
#...(.)≈≈≈≈≈≈≈##≈####
#......≈≈≈≈≈≈≈##≈')#o


You could see an orc knight (poisoned).

Vanquished Creatures
  Sigmund (D:4)
  Eustachio (D:4)
  A water moccasin (D:7)
  8 orc warriors (Bailey)
  An ogre (D:7)
  A centaur (D:7)
  3 bullfrogs (D:6)
  2 scorpions (D:4)
  A hound (D:4)
  An orc priest (D:4)
  A jelly (D:4)
  An iguana (D:5)
  9 orc wizards
  A worker ant (D:4)
  A hound zombie (D:7)
  4 gnolls
  11 adders
  3 white imps
  An ufetubus (D:6)
  An ooze (D:2)
  An adder skeleton (D:4)
  A worm (D:2)
  4 dart slugs
  4 leopard geckos
  40 orcs
  12 bats
  5 giant cockroaches
  5 goblins
  8 hobgoblins
  7 jackals
  9 kobolds
  6 quokkas
  A ball python skeleton (D:4)
  7 frilled lizards
  A leopard gecko zombie (D:6)
  6 rats
170 creatures vanquished.

Notes
Turn   | Place    | Note
-------+----------+-------------------------------------------
     0 | D:1      | ardl the Vine Stalker Fighter began the quest for the Orb.
     0 | D:1      | Reached XP level 1. HP: 11/11 MP: 2/2
   242 | D:1      | Reached XP level 2. HP: 14/16 MP: 3/3
   769 | D:1      | Reached skill level 3 in Unarmed Combat
   791 | D:1      | Reached XP level 3. HP: 20/20 MP: 4/4
  1706 | D:2      | Gained mutation: Your natural rate of healing is unusually
                  | fast. [Vine Stalker growth]
  1706 | D:2      | Reached XP level 4. HP: 14/24 MP: 2/5
  2109 | D:3      | Reached skill level 4 in Unarmed Combat
  2179 | D:3      | Reached XP level 5. HP: 27/28 MP: 6/6
  2495 | D:3      | Reached skill level 5 in Unarmed Combat
  2730 | D:3      | Reached XP level 6. HP: 33/33 MP: 7/7
  2938 | D:4      | Noticed Sigmund
  2956 | D:4      | Killed Sigmund
  2957 | D:4      | Reached skill level 6 in Unarmed Combat
  2957 | D:4      | Reached XP level 7. HP: 17/38 MP: 5/8
  3227 | D:4      | Noticed Eustachio
  3237 | D:4      | Killed Eustachio
  3238 | D:4      | Reached skill level 5 in Fighting
  3238 | D:4      | Reached skill level 7 in Unarmed Combat
  3532 | D:4      | Gained mutation: You have razor-sharp teeth. [Vine Stalker
                  | growth]
  3532 | D:4      | Reached XP level 8. HP: 16/43 MP: 5/9
  3626 | D:5      | Entered Level 5 of the Dungeon
  3817 | D:5      | Found an ornate altar of the Wu Jian Council.
  3946 | D:5      | Found a stormy altar of Qazlal.
  4120 | D:6      | Found a staircase to the Ecumenical Temple.
  4130 | Temple   | Entered the Ecumenical Temple
  4245 | Temple   | Became a worshipper of Ru the Awakened
  4324 | D:6      | Reached skill level 8 in Unarmed Combat
  4960 | D:7      | Found a shimmering altar of Xom.
  4962 | D:7      | Found a shimmering blue altar of Sif Muna.
  5036 | D:7      | Reached skill level 9 in Unarmed Combat
  5203 | D:7      | Found a runed translucent door.
  5204 | D:7      | Noticed Crazy Yiuf
  5300 | D:7      | Gained mutation: You are somewhat inexperienced. (-2 XL)
                  | [Ru sacrifice]
  5300 | D:7      | Reached XP level 7. HP: 40/40 MP: 8/8
  5300 | D:7      | Reached XP level 6. HP: 36/36 MP: 7/7
  5300 | D:7      | Reached * piety under Ru
  5300 | D:7      | Reached ** piety under Ru
  5479 | D:8      | Found a flagged portal.
  5507 | Bailey   | Entered a bailey
  5514 | Bailey   | Noticed an orc warrior
  5557 | Bailey   | Killed an orc warrior
  5558 | Bailey   | Reached XP level 7. HP: 23/41 MP: 6/8
  5862 | Bailey   | Reached XP level 8. HP: 42/45 MP: 9/9
  5885 | Bailey   | Reached skill level 10 in Unarmed Combat
  5925 | Bailey   | Noticed an orc knight
  6309 | Bailey   | Mangled by an orc knight

Illustrated notes

Levels and vault maps discovered:
D:1:      dpeg_arrival_pits, layout_basic, hangedman_decor_riveting, st_stairs_3
D:2:      layout_basic, minmay_door_square, interstate_on_off
D:3:      layout_loops_ring
D:4:      kennysheep_six_static_rooms, layout_rooms, kennysheep_doodads,
          kennysheep_generic_room_4, uniq_eustachio, uniq_sigmund
D:5:      layout_rooms, lemuel_crystal_altar, overflow_temple_1_default
D:6:      layout_rooms, minmay_temple_entry_overgrown
D:7:      layout_loops_cross, minitemple, uniq_crazy_yiuf_cottage
D:8:      minmay_slanted_spiral_squares, layout_loops_ring,
          gammafunk_ghost_hydra_chop, lightli_bailey_entry_fortress
Temple:   regret_index_temple_waves
Bailey:   bailey_polearm_2, bailey

Skill      XL: |  1  2  3  4  5  6  7  8 |
---------------+-------------------------+-----
Fighting       | 3 4 5 7 |  7.0
Unarmed Combat | 3 4 5 6 7 10 | 10.2
Armour         | |  2.4
Shields        | |  2.6

Action                   |  1- 3 |  4- 6 |  7- 9 || total
-------------------------+-------+-------+-------++-------
Melee: Unarmed           |   123 |   194 |   294 ||   611
       Bite              |    31 |    64 |   100 ||   195
Throw: Dart              |       |       |    29 ||    29
Invok: Sacrifice Experie |       |     1 |       ||     1
  Use: Potion            |     2 |     1 |     2 ||     5
       Scroll            |       |     3 |    17 ||    20
 Stab: Invisible         |       |       |     1 ||     1
Armor: Scale mail        |    44 |    23 |       ||    67
       Chain mail        |       |    57 |   104 ||   161
Dodge: Dodged            |    44 |    52 |    82 ||   178
Block: Kite shield       |    52 |    84 |   132 ||   268

Table legend: (Time is in decaauts)
 A = Elapsed time spent in this place.
 B = Non-inter-level travel time spent in this place.
 C = Inter-level travel time spent in this place.
 D = Time resting spent in this place.
 E = Time spent auto-exploring this place.
 F = Levels seen in this place.
 G = Mean time per level.
                   A        B        C        D        E       F      G
               +--------+--------+--------+--------+--------+-----+--------+
         Total |   6368 |   6038 |    330 |    632 |   3634 |  10 |  636.8 |
       Dungeon |   5362 |   5066 |    296 |    565 |   3420 |   8 |  670.2 |
        Temple |    140 |    106 |     34 |      0 |     98 |   1 |  140.0 |
        Bailey |    865 |    865 |      0 |     67 |    116 |   1 |  865.0 |
               +--------+--------+--------+--------+--------+-----+--------+

Top non-repeatable levels by time:
     D:2: 1042 daAuts
     D:1: 1041 daAuts
  Bailey: 865 daAuts
     D:4: 841 daAuts
     D:7: 760 daAuts
     D:3: 693 daAuts
     D:5: 470 daAuts
     D:6: 423 daAuts
  Temple: 140 daAuts
     D:8: 89 daAuts
